 Dungeon Crawl Stone Soup version 0.32-a0-921-g04a7ad8e02 (webtiles) character file.

Game seed: 5878190667776352642

916 shadizar the Magician (level 8, -2/58 HPs)
             Began as a Djinni Earth Elementalist on Apr 11, 2024.
             Was a Follower of Makhleb.
             Killed by divine providence
             ... invoked by an orc priest
              (16 damage)
             ... on level 5 of the Dungeon.
             The game lasted 00:06:54 (3828 turns).

shadizar the Magician (Djinni Earth Elementalist)   Turns: 3828, Time: 00:06:55

Health: -2/58      AC:  7    Str: 15    XL:     8   Next: 30%
Gold:   226        EV: 12    Int: 26    God:    Makhleb [*.....] SH:  0 Dex: 13

rFire   + + .        f - staff of cold
rCold   + . .        (no shield)
rNeg    . . .        w - +3 leather armour {rC+}
rPois   ∞            p - +0 helmet of Ethics {Str+2 SInv}
rElec   .            (no cloak)
rCorr   .            (no gloves)
SInv    +            (boots unavailable)
Will    .....        (no amulet)
Stlth   ++           l - +6 ring of intelligence
HPRegen 0.29/turn    y - +6 ring of strength

%: infuse magic (-3 HP)
@: flying
A: sickness immunity, fire resistance 2, cold vulnerability 1, float, innate
caster, HP casting, extra vitality 1
a: Renounce Religion


You were on level 5 of the Dungeon.
You worshipped Makhleb.
Makhleb was aware of your devotion.
You visited 2 branches of the dungeon, and saw 6 of its levels.

You collected 226 gold pieces.

Inventory:

Armour
 p - the +0 helmet of Ethics (worn) {Str+2 SInv}
   (You took it off Robin on level 3 of the Dungeon)

   Str+2:     It affects your strength (+2).
   SInv:      It lets you see invisible.
 t - a +0 troll leather armour {Pargi}
 u - a +0 robe of cold resistance
 w - a +3 leather armour of cold resistance (worn)
Magical Staves
 f - a staff of cold (weapon)
Jewellery
 l - a +6 ring of intelligence (left hand)
 s - a ring of see invisible
 y - a +6 ring of strength (right hand)
Wands
 v - a wand of polymorph (7)
Scrolls
 b - 3 scrolls of fog {unknown}
 m - a scroll of fear
 x - a scroll of enchant weapon
Potions
 a - a potion of invisibility {unknown}
 d - 3 potions of curing
 e - a potion of cancellation {unknown}
 h - a potion of brilliance {unknown}
 i - a potion of haste {unknown}
 j - a potion of attraction {unknown}
 o - a potion of ambrosia {unknown}


   Skills:
 + Level 3.7 Fighting
 + Level 2.0 Armour
 + Level 4.8 Dodging
 - Level 1.5 Stealth
 * Level 6.0 Spellcasting
 * Level 6.0 Conjurations
 * Level 6.0 Hexes
   Level 0.0 Charms
 * Level 6.0 Summonings
 * Level 6.0 Necromancy
 * Level 6.0 Translocations
   Level 0.0 Transmutations
 * Level 6.0 Fire Magic
 * Level 6.0 Ice Magic
 * Level 6.0 Air Magic
 * Level 6.0 Earth Magic
 * Level 6.0 Alchemy


You knew the following spells:

 Your Spells              Type           Power      Damage    Failure   Level
a - Sandblast             Erth           78%        2d17      1%          1
b - Passwall              Erth           39%        N/A       2%          3
c - Stone Arrow           Conj/Erth      78%        3d11      2%          3
d - Petrify               Alch/Erth      39%        N/A       7%          4
e - Brom's Barrelling Bo  Conj/Erth      39%        2d6       7%          4
f - Kiss of Death         Conj/Necr      100%       2d13      1%          1
g - Mercury Vapours       Alch/Air       78%        N/A       1%          2
h - Call Canine Familiar  Summ           39%        N/A       2%          3
Your spell library was empty.

Dungeon Overview and Level Annotations

Branches:
Dungeon (5/15)             Temple (1/1) D:4

Altars:
Ashenzari
Cheibriados
Dithmenos
Elyvilon
Fedhas
Gozag
Hepliaklqana
Makhleb
Nemelex Xobeh
Okawaru
Qazlal
Ru
Trog
Uskayaw
Xom
Yredelemnul
Zin

Shops:
D:5 :

Annotations:
D:5 2 transporters


Innate Abilities, Weirdness & Mutations

You are immune to sickness and miasma.
You are immune to poison.
Your flesh is very heat resistant. (rF++)
You are vulnerable to cold. (rC-)
You float through the air rather than walking.
You learn spells naturally, not from books.
Your magical power is your life essence.
You have superior vitality. (+4 MHP)


Message History

The blast of sand hits the adder!
You kill the adder!
Makhleb accepts your kill.
The orc priest shouts! x2
The orc priest calls down the wrath of Beogh upon you.
Beogh smites you!
An orc comes into view. It is wielding a +0 falchion.
Your Armour skill increases to level 2!
The orc priest attacks as it pursues you!
The orc priest misses you.
The orc priest looks satisfied for a moment.
The blast of sand hits the orc priest.
The orc priest is moderately wounded.
The blast of sand hits the orc priest!
You kill the orc priest!
Makhleb accepts your kill.
The orc priest mumbles some strange prayers to Beogh against you.
Beogh smites you!
The orc priest mumbles some strange prayers to Beogh against you.
Beogh smites you!
* * * LOW HITPOINT WARNING * * *
Your Spellcasting skill increases to level 6!
Your Conjurations skill increases to level 6!
Your Hexes skill increases to level 6!
Your Summonings skill increases to level 6!
Your Necromancy skill increases to level 6!
Your Translocations skill increases to level 6!
Your Fire Magic skill increases to level 6!
Your Ice Magic skill increases to level 6!
Your Air Magic skill increases to level 6!
Your Earth Magic skill increases to level 6!
Your Alchemy skill increases to level 6!
Unknown command.
Unknown command.
The orc cheers loudly, as Orcs often do.
The orc priest looks braver for a moment.
The orc attacks as it pursues you! The orc barely misses you.
The orc priest mumbles some strange prayers to Beogh against you.
Beogh smites you!
You die...

### #.. #.# #.#
#.# #.#
###.#######
###o@........
#####∩..#.#######
#ooo..###.#
...?...##### #.#
.....## #.# ....
#.# ... #.# ..
#.# . #.#


You could see 2 orc priests and 2 orcs.

Vanquished Creatures
  Sigmund (D:3)
  Pargi (D:4)
  Blork the orc (D:4)
  A scorpion (D:4)
  A howler monkey (D:4)
  A jelly (D:2)
  An orc priest (D:5)
  A gnoll bouda (D:4)
  2 iguanas
  Ijyb (D:4)
  2 hound zombies (D:4)
  11 gnolls
  Robin (D:3)
  5 adders
  A shadow imp (D:5)
  An adder zombie (D:4)
  3 dart slugs
  A ribbon worm (D:4)
  15 orcs
  8 endoplasms
  5 giant cockroaches
  11 goblins
  8 hobgoblins
  11 jackals
  5 kobolds
  A quokka (D:3)
  5 ball pythons
  7 bats
  2 frilled lizards
  A quokka zombie (D:4)
  3 rats
118 creatures vanquished.

Notes
Turn   | Place    | Note
-------+----------+-------------------------------------------
     0 | D:1      | shadizar the Djinni Earth Elementalist began the quest for
                  | the Orb.
     0 | D:1      | shadizar set off with the following spells memorised:
                  | Sandblast, Passwall, Stone Arrow, Petrify, Brom's
                  | Barrelling Boulder.
     0 | D:1      | Reached XP level 1. HP: 15/15 MP: 0/0
   249 | D:1      | Reached XP level 2. HP: 20/21 MP: 0/0
   709 | D:2      | Reached XP level 3. HP: 22/25 MP: 0/0
   709 | D:2      | Learned a level 1 spell: Kiss of Death
   791 | D:2      | Reached XP level 4. HP: 24/31 MP: 0/0
  1461 | D:2      | Reached XP level 5. HP: 35/36 MP: 0/0
  1461 | D:2      | Learned a level 2 spell: Mercury Vapours
  1537 | D:3      | Reached skill level 1 in Fighting
  1582 | D:3      | Identified the +0 helmet of Ethics {Str+2 SInv}
  1582 | D:3      | Noticed Robin
  1584 | D:3      | Killed Robin
  1775 | D:3      | Noticed Sigmund
  1780 | D:3      | Killed Sigmund
  1781 | D:3      | Reached skill level 5 in Spellcasting
  1781 | D:3      | Reached skill level 5 in Conjurations
  1781 | D:3      | Reached skill level 5 in Hexes
  1781 | D:3      | Reached skill level 5 in Summonings
  1781 | D:3      | Reached skill level 5 in Necromancy
  1781 | D:3      | Reached skill level 5 in Translocations
  1781 | D:3      | Reached skill level 5 in Fire Magic
  1781 | D:3      | Reached skill level 5 in Ice Magic
  1781 | D:3      | Reached skill level 5 in Air Magic
  1781 | D:3      | Reached skill level 5 in Earth Magic
  1781 | D:3      | Reached skill level 5 in Alchemy
  1781 | D:3      | Reached XP level 6. HP: 36/43 MP: 0/0
  2060 | D:3      | Found a hazy altar of Hepliaklqana.
  2610 | D:4      | Noticed Pargi
  2614 | D:4      | Killed Pargi
  2615 | D:4      | Reached XP level 7. HP: 18/49 MP: 0/0
  2615 | D:4      | Learned a level 3 spell: Call Canine Familiar
  2825 | D:4      | Found a basalt altar of Yredelemnul.
  2862 | D:4      | Found a hide-covered altar of Uskayaw.
  2959 | D:4      | Noticed Blork the orc
  2963 | D:4      | Killed Blork the orc
  2993 | D:4      | Found a staircase to the Ecumenical Temple.
  2999 | Temple   | Entered the Ecumenical Temple
  3019 | Temple   | Became a worshipper of Makhleb the Destroyer
  3129 | D:4      | Reached skill level 1 in Armour
  3129 | D:4      | Noticed Ijyb
  3134 | D:4      | Killed Ijyb
  3135 | D:4      | Reached XP level 8. HP: 51/56 MP: 0/0
  3514 | D:4      | Reached * piety under Makhleb
  3664 | D:5      | Entered Level 5 of the Dungeon
  3737 | D:5      | Found a transporter.
  3764 | D:5      | Found a transporter.
  3811 | D:5      | Found Rikloogg's Book Shoppe.
  3828 | D:5      | Killed from afar by an orc priest

Illustrated notes

Levels and vault maps discovered:
D:1:      dpeg_arrival_pits, layout_loops_ring
D:2:      layout_loops_ring, grunt_decor_fettered
D:3:      layout_basic, worldfamousw_hep_ancestral_shrine,
          nicolae_concentric_dashed_squares_wild, minmay_liquid_box,
          minivault_23, minivault_19, grunt_decor_cap, uniq_robin, uniq_sigmund
D:4:      layout_loops_ring, mainiacjoe_overflow_six_doors_small,
          nicolae_yredelemnul_corpse_copse, minmay_temple_entry_waves,
          nicolae_kite_square_tiling_tiny, uniq_ijyb, uniq_pargi,
          uniq_blork_the_orc
D:5:      gammafunk_steamed_eel, layout_basic, serial_shops, shop, uniq_grinder
Temple:   kb_temple_of_zot

Skill      XL: |  1  2  3  4  5  6  7  8 |
---------------+-------------------------+-----
Spellcasting   | 4 5 6 |  6.0
Conjurations   | 4 5 6 |  6.0
Hexes          | 4 5 6 |  6.0
Summonings     | 4 5 6 |  6.0
Necromancy     | 4 5 6 |  6.0
Translocations | 4 5 6 |  6.0
Fire Magic     | 4 5 6 |  6.0
Ice Magic      | 4 5 6 |  6.0
Air Magic      | 4 5 6 |  6.0
Earth Magic    | 4 5 6 |  6.0
Alchemy        | 4 5 6 |  6.0
Fighting       | 2 3 |  3.7
Dodging        | 3 4 |  4.8
Armour         | 1 2 |  2.0
Stealth        | |  1.5

Action                     |  1- 3 |  4- 6 |  7- 9 || total
---------------------------+-------+-------+-------++-------
  Melee: Staff             |     1 |       |     2 ||     3
   Cast: Sandblast         |    23 |    81 |    66 ||   170
         Stone Arrow       |       |     6 |     2 ||     8
    Use: Scroll            |       |       |     9 ||     9
 Armour: Robe              |     7 |    25 |     4 ||    36
         Troll leather arm |       |       |    18 ||    18
  Dodge: Dodged            |    13 |    14 |    16 ||    43

Table legend: (Time is in decaauts)
 A = Elapsed time spent in this place.
 B = Non-inter-level travel time spent in this place.
 C = Inter-level travel time spent in this place.
 D = Time resting spent in this place.
 E = Time spent auto-exploring this place.
 F = Levels seen in this place.
 G = Mean time per level.
                   A        B        C        D        E       F      G
               +--------+--------+--------+--------+--------+-----+--------+
         Total |   3913 |   3767 |    146 |      0 |   2975 |   6 |  652.2 |
       Dungeon |   3870 |   3743 |    127 |      0 |   2975 |   5 |  774.0 |
        Temple |     42 |     23 |     19 |      0 |      0 |   1 |   42.0 |
               +--------+--------+--------+--------+--------+-----+--------+

Top non-repeatable levels by time:
     D:3: 1356 daAuts
     D:2: 823 daAuts
     D:4: 806 daAuts
     D:1: 713 daAuts
     D:5: 170 daAuts
  Temple: 42 daAuts
